Map: Golden Wall LE

Players

Vindicta

  • Race: Terran Terran
  • League: Grandmaster
  • Spawn Location: 7:00

Neeb - Winner!

  • Race: Protoss Protoss
  • League: Master
  • Spawn Location: 5:00

Event: DreamHack SC2 Masters 2020 Fall

VOD

Have the link to the VOD?

Description

Time

  • Played on: Sept. 3, 2020, 3:44 p.m.
  • Length: 7:55

All games in this series

Show
View Real Time Build Order
Export as new Build Order

Vindicta Terran 

Build Orders: Reaper Expand 

Get SALT Encoding   

  12  0:00  SCV  
  13  0:12  SCV  
  14  0:18  Supply Depot  
  14  0:24  SCV  
  15  0:39  SCV  
  15  0:40  Barracks  
  16  0:45  Refinery  
  16  0:51  SCV  
  17  1:03  SCV  
  18  1:15  SCV  
  19  1:28  Reaper, Orbital Command  
  20  1:47  Command Center  
  20  1:55  Supply Depot  
  20  1:58  SCV  
  21  2:03  Barracks Reactor  
  21  2:10  SCV  
  21  2:15  Barracks  
  22  2:22  SCV  
  23  2:37  Factory  
  23  2:39  Refinery, Marine x2  
  23  2:41  SCV  
  26  2:53  SCV  
  26  2:56  Marine x2  
  29  3:03  Barracks Tech Lab  
  30  3:07  Orbital Command  
  30  3:11  SCV  
  30  3:14  Marine  
  31  3:22  Stimpack  
  30  3:28  Starport  
  30  3:29  SCV  
  30  3:33  Orbital Command  
  30  3:35  Factory Reactor, Marine x3  
  34  3:50  SCV  
  34  3:52  Supply Depot  
  34  3:53  Marine x2  
  34  3:54  Marine  
  37  4:00  SCV  
  38  4:03  SCV  
  39  4:11  Marine  
  39  4:12  SCV  
  39  4:15  SCV  
  39  4:16  Medivac  
  39  4:17  Medivac  
  46  4:21  Supply Depot  
  46  4:23  Widow Mine  
  48  4:25  Marine  
  48  4:27  Marine  
  48  4:29  Marine  
  50  4:32  SCV x2  
  51  4:43  Marine  
  51  4:44  SCV x2  
  51  4:45  Factory Tech Lab  
  55  4:49  Barracks  
  54  4:54  Engineering Bay, Marine x2  
  54  4:56  SCV  
  54  4:59  SCV  
  56  5:01  Combat Shield, Marine  
  57  5:10  Supply Depot  
  57  5:13  SCV  
  57  5:18  Marine x2  
  57  5:19  Marine  
  60  5:31  SCV x2, Siege Tank  
  60  5:33  Supply Depot  
  65  5:36  Marine x2  
  65  5:37  Marine  
  65  5:39  Refinery  
  68  5:47  Medivac  
  68  5:49  Supply Depot, Missile Turret  
  70  5:54  Marine  
  70  5:55  SCV x2  
  73  5:58  Marine  
  74  6:07  Siege Tank  
  74  6:10  Supply Depot  
  74  6:11  Supply Depot  
  77  6:14  SCV x2  
  77  6:17  Marine  
  81  6:22  Missile Turret  
  81  6:23  Marine  
  81  6:24  Refinery  
  82  6:26  SCV  
  82  6:29  SCV  
  82  6:33  Marine  
  82  6:35  Marine  
  82  6:37  Liberator  
  82  6:38  SCV  
  85  6:46  Marine x2  
  85  6:47  Siege Tank  
  89  6:51  Marine  
  89  6:53  Supply Depot, Marine  
  91  7:00  SCV  
  92  7:04  Marine x2  
  94  7:09  SCV, Marine  
  94  7:10  Marine  
  94  7:11  Supply Depot  
  94  7:12  SCV, Liberator  
  99  7:20  Siege Tank  
  99  7:21  Marine  
  99  7:22  Marine  
  102  7:27  Marine  
  102  7:28  Marine  
  102  7:32  SCV  
  102  7:34  SCV, Supply Depot  
  102  7:35  Refinery  
  109  7:44  Missile Turret  
Show
View Real Time Build Order
Export as new Build Order

Neeb Protoss - Winner!

Build Orders: 1 Gate Expand, Phoenix Opening 

Get SALT Encoding   

  12  0:00  Probe  
  13  0:12  Probe  
  14  0:18  Pylon  
  14  0:24  Probe  
  15  0:36  Gateway  
  15  0:37  Probe (Chrono Boost)  
  16  0:47  Probe (Chrono Boost)  
  16  0:48  Assimilator  
  17  0:52  Probe (Chrono Boost)  
  18  1:04  Probe  
  19  1:16  Probe  
  20  1:23  Cybernetics Core  
  20  1:29  Probe  
  21  1:38  Nexus  
  21  1:46  Pylon  
  21  1:55  Assimilator  
  21  1:56  Adept (Chrono Boost)  
  23  2:05  Shield Battery  
  23  2:06  Probe  
  24  2:17  Adept (Chrono Boost)  
  24  2:18  Probe  
  26  2:30  Probe  
  26  2:32  Stargate  
  27  2:39  Adept  
  30  2:44  Probe (Chrono Boost)  
  30  2:47  Warp Gate  
  30  2:52  Probe (Chrono Boost)  
  32  3:00  Probe (Chrono Boost)  
  32  3:01  Probe (Chrono Boost)  
  33  3:06  Probe  
  33  3:07  Probe  
  35  3:17  Phoenix (Chrono Boost)  
  35  3:19  Probe x2  
  39  3:28  Pylon  
  39  3:31  Probe x2  
  39  3:33  Phoenix  
  43  3:43  Probe x2  
  43  3:47  Pylon  
  45  3:53  Gateway x2  
  45  3:55  Probe  
  45  3:58  Probe  
  47  4:03  Phoenix (Chrono Boost)  
  47  4:09  Probe  
  50  4:10  Probe  
  50  4:14  Assimilator  
  51  4:18  Assimilator, Robotics Facility  
  51  4:22  Probe  
  52  4:25  Pylon  
  52  4:29  Probe  
  53  4:34  Probe  
  54  4:41  Probe  
  55  4:46  Probe, Pylon  
  55  4:50  Sentry  
  55  4:51  Sentry  
  60  4:53  Probe  
  60  4:58  Probe  
  62  5:02  Stalker  
  64  5:07  Shield Battery  
  64  5:09  Immortal (Chrono Boost)  
  64  5:11  Robotics Bay  
  68  5:17  Stalker, Zealot  
  72  5:23  Probe x2  
  74  5:30  Pylon  
  74  5:35  Stalker  
  76  5:36  Probe  
  76  5:37  Probe  
  78  5:42  Pylon  
  78  5:43  Pylon  
  78  5:46  Nexus  
  78  5:48  Observer (Chrono Boost)  
  78  5:49  Pylon  
  79  5:51  Probe  
  79  5:52  Probe  
  81  6:01  Colossus (Chrono Boost)  
  83  6:09  Twilight Council  
  83  6:10  Extended Thermal Lance  
  87  6:20  Stalker  
  87  6:22  Shield Battery  
  89  6:32  Stalker  
  89  6:33  Stalker  
  93  6:43  Colossus (Chrono Boost)  
  99  6:50  Pylon x2  
  99  6:53  Probe  
  100  7:02  Gateway  
  100  7:04  Pylon  
  100  7:07  Gateway  
  100  7:12  Shield Battery  
  100  7:13  Pylon  
  100  7:15  Stalker x2  
  106  7:32  Zealot  
  106  7:35  Probe  
  109  7:38  Zealot x2  

Tags
 
Add a new tag
Caveats
  • Supply blocks, unpowered buildings, or Contaminate may cause inaccurate times.
  • Supply counts are checked every 10 seconds.